 Dungeon Crawl Stone Soup version 0.30-a0-1085-g990a428a5c (webtiles) character file.

Game seed: 5830369851770949539

218 fortdeath9 the Chopper (level 5, -2/47 HPs)
             Began as a Minotaur Fighter on Apr 16, 2023.
             Slain by a gnoll
             ... wielding a +0 spear
              (3 damage)
             ... on level 4 of the Dungeon.
             The game lasted 00:13:22 (2849 turns).

fortdeath9 the Chopper (Minotaur Fighter)           Turns: 2849, Time: 00:13:23

Health: -2/47      AC:  9    Str: 22    XL:     5   Next: 63%
Magic:  4/4        EV:  8    Int:  5    God:
Gold:   212        SH:  4    Dex: 10    Spells: 4/4 levels left

rFire   . . .      SeeInvis .    a - +0 war axe
rCold   . . .      Faith    .    c - +0 buckler
rNeg    . . .      Spirit   .    h - +0 chain mail
rPois   .          Reflect  .    (helmet restricted)
rElec   .          Rampage  .    (no cloak)
rCorr   .                        (no gloves)
Will    .....                    (no boots) Stlth
                                 (no amulet)
HPRegen 0.27/turn                (no ring)
MPRegen 0.09/turn                (no ring)

@: no status effects
A: horns 2, retaliatory headbutt
a: no special abilities


You were on level 4 of the Dungeon.
You visited 1 branch of the dungeon, and saw 4 of its levels.

You collected 212 gold pieces.

Inventory:

Hand Weapons
 a - a +0 war axe (weapon)
Missiles
 f - 6 boomerangs (quivered)
Armour
 c - a +0 buckler (worn)
 h - a +0 chain mail (worn)
Scrolls
 b - 4 scrolls of teleportation {unknown}
 e - 2 scrolls of vulnerability
 j - a scroll of torment
 k - a scroll of fear {unknown}
 l - a scroll of fog {unknown}
 o - 2 scrolls of identify
 s - a scroll of silence {unknown}
Potions
 g - 2 potions of invisibility
 i - a potion of flight {unknown}
 m - a potion of magic {unknown}
 n - a potion of heal wounds {unknown}
 p - a potion of resistance {unknown}
 q - a potion of attraction {unknown}
 r - a potion of mutation {unknown}


   Skills:
 + Level 4.7 Fighting
 * Level 4.8 Axes
 + Level 4.7 Armour
 + Level 4.7 Shields


You had 4 spell levels left.
You didn't know any spells.
Your spell library contained the following spells:

 Spells                   Type           Power      Damage    Failure   Level
 Cigotuvi's Dreadful Rot  Necr/Pois/Air  0%         N/A       99%         2
 Ignite Poison            Fire/Tmut/Pois 0%         N/A       100%        3
 Volatile Blastmotes      Fire/Tloc      0%         2d10      100%        3
 Fulminant Prism          Conj/Hex       0%         3d5       100%        4
 Iskenderun's Mystic Bla  Conj/Tloc      0%         2d3       100%        4
 Freezing Cloud           Conj/Ice/Air   0%         6-21      100%        5
 Lee's Rapid Deconstruct  Erth           0%         3d4*      100%        5


Dungeon Overview and Level Annotations

Branches:
Dungeon (4/15)
 Temple: D:4-7

Altars:
Xom


Innate Abilities, Weirdness & Mutations

You have a pair of horns on your head.
You reflexively headbutt those who attack you in melee.


Message History

You closely miss the gnoll. You block the gnoll's attack.
The gnoll hits you but does no damage.
Found a dagger.
The gnoll hits you from afar with a +0 spear.
* * * LOW HITPOINT WARNING * * *
The gnoll hits you with a +0 spear.
* * * LOW HITPOINT WARNING * * *
You hit the gnoll but do no damage. You block the gnoll's attack.
The gnoll hits you but does no damage.
You slash the gnoll! Your headbutt misses the gnoll.
The gnoll is almost dead.
The gnoll hits you but does no damage. You block the gnoll's attack.
The gnoll hits you with a +0 spear.
* * * LOW HITPOINT WARNING * * *
The gnoll closely misses you.
You slash the gnoll!
You kill the gnoll!
The gnoll closely misses you.
A hound comes into view.
Found a stone staircase leading up.
The hound barks!
The gnoll hits you from afar with a +0 spear.
* * * LOW HITPOINT WARNING * * *
The hound stops to sniff the ground.
There is a stone staircase leading up here.
The hound attacks as you move away! The hound bites you.
* * * LOW HITPOINT WARNING * * *
The hound completely misses you.
You miss the hound. You block the hound's attack. x2
You hit the hound but do no damage. The hound bites you but does no damage.
The gnoll hits you but does no damage. You block the hound's attack.
You block the gnoll's attack.
You closely miss the hound. The hound bites you.
* * * LOW HITPOINT WARNING * * *
The gnoll hits you but does no damage. The hound bites you but does no damage.
You hit the hound.
The hound is moderately wounded.
You block the hound's attack.
The gnoll hits you from afar with a +0 spear.
You die...

#. ###........... # #)..
#...g....##.. # ####...
####..###...# # .......#
##.)...##..### #
......####..##.###.## #####
#..........##.# #.# ##...)
#..........#..###<# ##..###
#............###g.# #..## #
#.............@h.## ##.## #
#...........###### #..# .
##.............#### #####.## ##
##...........##รท.).###.....###.##
.............#####........#....#.
.?...........# #...........####.
.............# #.####.####......
.#.#######.### ... ...# ##.....
#..# #.# #..#. ##### #...##..


You could see a hound and a gnoll.

Vanquished Creatures
  A hound (D:4)
  An iguana (D:4)
  6 gnolls (D:4)
  3 adders
  4 worms (D:3)
  A dart slug (D:1)
  7 orcs (D:3)
  2 ball pythons
  5 bats
  An endoplasm (D:3)
  A giant cockroach (D:3)
  4 goblins
  7 hobgoblins
  5 jackals
  3 quokkas
  4 frilled lizards
  6 kobolds
  4 rats
65 creatures vanquished.

Vanquished Creatures (others)
  A plant (D:2)
1 creature vanquished.

Grand Total: 66 creatures vanquished

Notes
Turn   | Place    | Note
-------+----------+-------------------------------------------
     0 | D:1      | fortdeath9 the Minotaur Fighter began the quest for the
                  | Orb.
     0 | D:1      | Reached XP level 1. HP: 19/19 MP: 0/0
   403 | D:1      | You fall into a shaft and drop 1 floor!
   662 | D:1      | Reached XP level 2. HP: 27/27 MP: 1/1
  1311 | D:2      | Reached XP level 3. HP: 31/33 MP: 2/2
  2070 | D:3      | Reached XP level 4. HP: 40/40 MP: 3/3
  2501 | D:4      | Found a shimmering altar of Xom.
  2575 | D:4      | HP: 1/41 [gnoll/+0 spear (2)]
  2576 | D:4      | Reached XP level 5. HP: 2/47 MP: 4/4
  2588 | D:4      | HP: 2/47 [gnoll/+0 spear (3)]
  2845 | D:4      | HP: 1/47 [hound (5)]
  2849 | D:4      | Slain by a gnoll

Illustrated notes

Levels and vault maps discovered:
D:1:      minmay_arrival_nine_rooms, layout_loops_ring, minmay_misc_feat_cross,
          minmay_misc_feat_roman
D:2:      minmay_chambers_of_ones, layout_basic, guppyfry_early_lair_pool
D:3:      layout_basic, minmay_increasing_density
D:4:      layout_rooms, mainiacjoe_overflow_six_doors_small,
          minmay_temple_entry_nine_rooms

Skill      XL: |  1  2  3  4 |
---------------+-------------+-----
Axes           | 3 4 |  4.8
Fighting       | 4 |  4.7
Armour         | 4 |  4.7
Shields        | 4 |  4.7

Action                     |  1- 3 |  4- 6 || total
---------------------------+-------+-------++-------
  Melee: War axe           |    97 |    54 ||   151
         Headbutt          |     9 |     2 ||    11
  Throw: Boomerang         |     3 |     1 ||     4
    Use: Scroll            |     5 |       ||     5
         Potion            |       |     1 ||     1
 Armour: Scale mail        |     9 |       ||     9
         Chain mail        |    26 |    35 ||    61
  Dodge: Dodged            |    32 |    25 ||    57
  Block: Buckler           |    18 |    21 ||    39

Table legend: (Time is in decaauts)
 A = Elapsed time spent in this place.
 B = Non-inter-level travel time spent in this place.
 C = Inter-level travel time spent in this place.
 D = Time resting spent in this place.
 E = Time spent auto-exploring this place.
 F = Levels seen in this place.
 G = Mean time per level.
                   A        B        C        D        E       F      G
               +--------+--------+--------+--------+--------+-----+--------+
         Total |   2905 |   2850 |     55 |    162 |   1597 |   4 |  726.2 |
       Dungeon |   2905 |   2850 |     55 |    162 |   1597 |   4 |  726.2 |
               +--------+--------+--------+--------+--------+-----+--------+

Top non-repeatable levels by time:
     D:3: 955 daAuts
     D:1: 806 daAuts
     D:2: 779 daAuts
     D:4: 364 daAuts
